 Dungeon Crawl Stone Soup version 0.21.1-1-g345015f (webtiles) character file.

11658 inc the Gouger (level 11, -14/52 HPs)
             Began as a Felid Transmuter on Mar 6, 2018.
             Was a High Priest of Ru.
             Demolished by a five-headed hydra (15 damage)
             ... on level 3 of the Lair of Beasts.
             The game lasted 00:51:29 (20318 turns).

inc the Gouger (Felid Transmuter)                  Turns: 20318, Time: 00:51:30

Health: -14/52     AC:  4    Str:  8    XL:     11   Next: 52%
Magic:  15/15      EV: 26    Int: 18    God:    Ru [*****.]
Gold:   829        SH:  0    Dex: 18    Spells: 3/14 levels left
                                        Lives:  0   Deaths: 3

rFire    . . .     SeeInvis +     - Unarmed
rCold    . . .     Gourm    +   (shield unavailable)
rNeg     . . .     Faith    .   (armour unavailable)
rPois    +         Spirit   .   (helmet unavailable)
rElec    .         Reflect  .   (cloak unavailable)
rCorr    .         Harm     .   (gloves unavailable)
MR       +....                  (boots unavailable)
Stlth    +++++.....             J - amulet of the gourmand (curse)
HPRegen  0.17/turn              q - ring of poison resistance
MPRegen  0.14/turn              E - +3 ring of intelligence

@: no scrolls, drained, quick
A: very small, no armour, no weapons or thrown items, stealth, claws 1, fangs 3,
icy blue scales 1, see invisible, carnivore, dopey 1, speed 1, mutation
resistance 1, shaggy fur 2, slow metabolism 1, strong 1, no potion heal 1,
inability to read while threatened, inability to use devices, sharp paws
a: Draw Out Power, Power Leap, Apocalypse, Renounce Religion


You were on level 3 of the Lair of Beasts.
You worshipped Ru.
Ru was extremely pleased with you.
You were very full.

You visited 3 branches of the dungeon, and saw 15 of its levels.
You also visited: Sewer and Ossuary.

You collected 829 gold pieces.

Inventory:

Missiles
 a - 212 arrows
Jewellery
 p - an uncursed amulet of inaccuracy
 q - a ring of poison resistance (left paw)
 t - an uncursed ring of flight
 v - an uncursed ring of see invisible
 E - a +3 ring of intelligence (right paw)
 F - an uncursed amulet of harm
 I - an uncursed ring of protection from cold
 J - a cursed amulet of the gourmand (around neck)
 M - an uncursed ring of protection from fire
 N - a cursed +3 ring of dexterity {unknown}
 P - an uncursed ring of protection from fire
Wands
 w - a wand of enslavement (14)
 B - a wand of random effects (30)
Scrolls
 d - 4 scrolls of amnesia
 f - 5 scrolls of random uselessness {unknown}
 g - 2 scrolls of fog
 j - 4 scrolls of remove curse
 k - 8 scrolls of teleportation
 m - 5 scrolls of blinking {unknown}
 n - 4 scrolls of noise {unknown}
 o - 2 scrolls of magic mapping {unknown}
 y - 2 scrolls of enchant armour {unknown}
 A - 4 scrolls of enchant weapon
 C - 2 scrolls of immolation {unknown}
 K - 3 scrolls of identify
 L - a scroll of brand weapon {unknown}
 O - a scroll of vulnerability {unknown}
Potions
 e - a potion of resistance
 h - 2 potions of berserk rage
 i - a potion of degeneration
 l - a potion of mutation
 r - a potion of magic
 s - 6 potions of brilliance
 x - 2 potions of might
 z - 3 potions of haste
 D - 5 potions of curing
 G - 4 potions of heal wounds
 H - a potion of cancellation
Books
 b - a book of Changes

   Spells                             Type                      Level
   a - Beastly Appendage              Transmutation                1
   b - Sticks to Snakes               Transmutation                2
   c - Spider Form                    Transmutation/Poison         3
   d - Ice Form                       Ice/Transmutation            4
   e - Blade Hands                    Transmutation                5
 u - a book of Cantrips

   Spells                             Type                      Level
   a - Confusing Touch                Hexes                        1
   b - Animate Skeleton               Necromancy                   1
   c - Summon Small Mammal            Summoning                    1
   d - Apportation                    Translocation                1
Comestibles
 c - 24 rations


   Skills:
 - Level 8.7(8.0) Fighting
 - Level 10.4(9.7) Dodging
 + Level 9.2(8.4) Stealth
 - Level 11.5(10.7) Unarmed Combat
 - Level 2.0(1.4) Spellcasting
 - Level 10.8(10.1) Transmutations


You had 3 spell levels left.
You knew the following spells:

 Your Spells              Type           Power        Failure   Level  Hunger
a - Beastly Appendage     Tmut           #####.       1%          1    ##.....
b - Sticks to Snakes      Tmut           #####...     1%          2    ###....
c - Spider Form           Tmut/Pois      ###.......   7%          3    ####...
d - Blade Hands           Tmut           #####.....   9%          5    ######.


Dungeon Overview and Level Annotations

Branches:
Dungeon (11/15)            Temple (1/1) D:4            Lair (3/6) D:8
    Orc (0/2) D:10
  Swamp: Lair:2-4    Shoals: Lair:2-4     Snake: Lair:2-4    Spider: Lair:2-4

Altars:
Ashenzari
Cheibriados
Dithmenos
Elyvilon
Fedhas
Gozag
Hepliaklqana
Kikubaaqudgha
Makhleb
Nemelex Xobeh
Okawaru
Qazlal
Ru
Sif Muna
Trog
Uskayaw
Vehumet
Wu Jian
Xom
Yredelemnul
Zin
The Shining One

Annotations:
D:5 inc's ghost, amateur FeTm
D:8 Joseph; SaintRoka's ghost, novice DDNe
Lair:3 Nergalle


Innate Abilities, Weirdness & Mutations

You cannot wear armour.
You are incapable of wielding weapons or throwing items.
Your paws allow you to move quietly. (Stealth)
You have sharp claws.
You have razor-sharp teeth.
You have supernaturally acute eyesight. (SInv)
You are carnivorous and can eat meat at any time.
You are dopey. (Int -2)
You cover ground quickly.
You are covered in thick fur. (AC +2)
You have a slow metabolism.
Potions are less effective at restoring your health.
You cannot read scrolls while threatened.
You cannot study or use magical devices.
Your sharp claws are effective at attacking unaware monsters.
You are partially covered in icy blue scales. (AC +2)
You are somewhat resistant to further mutation.
Your muscles are strong. (Str +2)


Message History

Okay, then.
Done exploring.
Done exploring.
(D) Dungeon (T) Temple (L) Lair (O) Orcish Mines
Where to? (? - help)
You climb downwards.
Level annotation: Nergalle The komodo dragon misses you.
The five-headed hydra bites you! x2
The five-headed hydra barely misses you.
The five-headed hydra bites you!
You feel threatened and lose the ability to read scrolls!
The five-headed hydra misses you. The yak completely misses you.
The komodo dragon bites you!
* * * LOW HITPOINT WARNING * * *
The five-headed hydra completely misses you.
The five-headed hydra barely misses you.
The five-headed hydra bites you!
* * * LOW HITPOINT WARNING * * *
The five-headed hydra bites you!
You die...

####. #.#$.. ###......
####P...PP.[
#......P♣P.. ##...P♣P.P.
##..@lPP♣...
###..DY..P♣P..
##.#......PP♣..
##.#....Y...P.♣
##..........P.♣.P
.............♣.P.
##.....P......#...
#..#../....P.#....
#######............#..[.


You could see a five-headed hydra, a komodo dragon and 2 yaks.

Vanquished Creatures
  3 hydras
  An unseen horror (D:10)
  Pikel (D:4)
  A black mamba (Lair:2)
  7 spiny frogs
  A rime drake (Lair:1)
  3 komodo dragons
  3 hippogriffs
  A wyvern (D:9)
  A basilisk (Lair:2)
  10 yaks
  A hungry ghost (D:10)
  Eustachio (D:6)
  6 water moccasins
  An orc warrior (D:7)
  5 porcupines
  3 slaves (D:4)
  3 ice beasts
  2 sky beasts
  8 wolves
  3 ogres
  2 necrophages
  5 centaurs
  10 crocodiles
  2 elf zombies (Ossuary)
  8 big kobolds
  9 bullfrogs
  A wyvern skeleton (D:6)
  3 scorpions
  6 crimson imps
  8 hounds
  A quasit (D:9)
  2 centaur zombies
  2 bullfrog zombies
  2 orc priests
  3 jellies
  A bullfrog skeleton (D:11)
  2 iguanas
  7 orc wizards
  5 worker ants
  3 big kobold zombies (Ossuary)
  2 mummies (Ossuary)
  2 worker ant zombies
  5 gnolls
  11 adders
  2 river rats (Sewer)
  4 oozes
  An adder skeleton (D:5)
  An adder zombie (D:8)
  7 worms
  A dart slug (D:2)
  A leopard gecko (D:7)
  30 orcs
  7 ball pythons
  9 giant cockroaches
  5 goblins
  13 hobgoblins
  9 jackals
  4 quokkas
  9 bats
  3 frilled lizards
  A goblin zombie (Ossuary)
  13 hobgoblin zombies (Ossuary)
  A jackal zombie (D:6)
  24 kobolds
  3 kobold zombies (Ossuary)
  A leopard gecko skeleton (D:5)
  9 orc zombies (Ossuary)
  A quokka skeleton (D:4)
  A quokka zombie (D:5)
  10 rats
  4 rat zombies (Ossuary)
  2 fungi
  4 plants
347 creatures vanquished.

Vanquished Creatures (collateral kills)
  A two-headed ogre (D:9)
  2 ogres
  Terence (D:3)
  An iguana (D:5)
  4 adders
  A river rat (D:3)
  2 worms (D:3)
  A dart slug (D:3)
  A giant cockroach (D:3)
  A goblin (D:3)
  2 jackals (D:5)
  A bat (D:3)
  A rat (D:3)
19 creatures vanquished.

Vanquished Creatures (others)
  A two-headed ogre (D:10)
  A spiny frog (Lair:2)
  An ogre (D:5)
  A quasit (D:5)
  An iguana (D:7)
  An orc (D:6)
  A bush (Lair:3)
  11 fungi
  35 plants
53 creatures vanquished.

Grand Total: 419 creatures vanquished

Notes
Turn   | Place    | Note
-------+----------+-------------------------------------------
     0 | D:1      | inc the Felid Transmuter began the quest for the Orb.
     0 | D:1      | Reached XP level 1. HP: 9/9 MP: 4/4
    88 | D:1      | Reached XP level 2. HP: 2/12 MP: 6/6
   456 | D:1      | Reached skill level 4 in Unarmed Combat
   871 | D:1      | Reached XP level 3. HP: 12/15 MP: 7/7
  1644 | D:2      | Learned a level 2 spell: Sticks to Snakes
  1648 | D:2      | Learned a level 3 spell: Spider Form
  2057 | D:2      | Reached XP level 4. HP: 17/19 MP: 8/8
  2651 | D:2      | Found a glowing silver altar of Zin.
  2733 | D:3      | Noticed Terence
  2749 | D:3      | Killed Terence
  3186 | D:3      | Reached skill level 5 in Transmutations
  3186 | D:3      | Reached XP level 5. HP: 13/22 MP: 2/9
  3361 | D:3      | Found a glowing drain.
  3448 | Sewer    | Entered a sewer
  4336 | Sewer    | Gained mutation: You are covered in thick fur. (AC +2) [Felid growth]
  4336 | Sewer    | Reached XP level 6. HP: 16/25 MP: 10/10
  5277 | Sewer    | Slain by a big kobold
  5278 | Sewer    | Reached XP level 5. HP: -1/22 MP: 8/9
  5286 | Sewer    | Reached XP level 6. HP: 25/25 MP: 10/10
  6000 | D:4      | Noticed a slave
  6001 | D:4      | Noticed a slave
  6002 | D:4      | Noticed Pikel
  6002 | D:4      | Noticed a slave
  6010 | D:4      | Noticed a slave
  6063 | D:4      | Killed a slave
  6072 | D:4      | Killed a slave
  6301 | D:4      | Killed a slave
  6718 | D:4      | Killed Pikel
  6718 | D:4      | Reached XP level 7. HP: 28/28 MP: 3/11
  6964 | D:4      | Reached skill level 10 in Transmutations
  6999 | D:4      | Found a staircase to the Ecumenical Temple.
  7090 | Temple   | Entered the Ecumenical Temple
  7098 | Temple   | Became a worshipper of Ru the Awakened
  7422 | D:5      | Entered Level 5 of the Dungeon
  7707 | D:5      | Reached XP level 8. HP: 32/32 MP: 8/12
  7763 | D:5      | Found a deep blue altar of Sif Muna.
  7890 | D:5      | Noticed inc's ghost (amateur FeTm)
  7998 | D:6      | Learned a level 5 spell: Blade Hands
  8134 | D:6      | Noticed Eustachio
  8150 | D:6      | Killed Eustachio
  8150 | D:6      | Reached skill level 5 in Dodging
  8577 | D:6      | Found a stormy altar of Qazlal.
  9050 | D:6      | Gained mutation: You cannot study or use magical devices. [Ru sacrifice]
  9050 | D:6      | Reached * piety under Ru
  9050 | D:6      | Reached ** piety under Ru
  9130 | D:6      | Found a burning altar of Makhleb.
  9131 | D:6      | Found a radiant altar of Vehumet.
  9588 | D:7      | Found a sand-covered staircase.
  9606 | Ossuary  | Entered an ossuary
 10068 | Ossuary  | Reached skill level 5 in Fighting
 10068 | Ossuary  | Reached XP level 9. HP: 30/40 MP: 7/13
 10451 | D:7      | Found an ancient bone altar of Kikubaaqudgha.
 10452 | D:7      | Found a shadowy altar of Dithmenos.
 12090 | D:8      | Noticed Joseph
 12099 | D:8      | Slain by Joseph
 12100 | D:8      | Reached XP level 8. HP: -2/40 MP: 9/12
 12135 | D:8      | Found a shadowy altar of Dithmenos.
 12278 | D:8      | Gained mutation: You cannot read scrolls while threatened. [Ru sacrifice]
 12278 | D:8      | Reached *** piety under Ru
 12298 | D:8      | Noticed SaintRoka's ghost (novice DDNe)
 12354 | D:8      | Found a hide-covered altar of Uskayaw.
 12401 | D:8      | Noticed a hippogriff
 12503 | D:8      | Found an iron altar of Okawaru.
 13011 | D:8      | Reached XP level 9. HP: 42/45 MP: 8/13
 13204 | D:8      | Found a staircase to the Lair.
 13532 | D:9      | Found a basalt altar of Yredelemnul.
 13553 | D:9      | Noticed a two-headed ogre
 13579 | D:9      | Killed a two-headed ogre
 13731 | D:9      | Found a sparkling altar of Nemelex Xobeh.
 14350 | D:9      | Gained mutation: Potions are less effective at restoring your health. [Ru sacrifice]
 14350 | D:9      | Reached **** piety under Ru
 14448 | D:9      | Reached skill level 10 in Dodging
 15106 | D:9      | Reached XP level 10. HP: 22/49 MP: 5/14
 15360 | D:9      | Reached skill level 5 in Unarmed Combat
 15510 | D:10     | Entered Level 10 of the Dungeon
 15662 | D:10     | Noticed a two-headed ogre
 15677 | D:10     | Killed a two-headed ogre
 16007 | D:10     | Noticed an unseen horror
 16014 | D:10     | Killed an unseen horror
 16014 | D:10     | Reached skill level 6 in Unarmed Combat
 16018 | D:10     | Reached skill level 7 in Unarmed Combat
 16057 | D:10     | Found a staircase to the Orcish Mines.
 16395 | D:11     | Noticed a white ugly thing
 16698 | Lair:1   | Entered Level 1 of the Lair of Beasts
 16698 | Lair:1   | Noticed an eight-headed hydra
 16706 | Lair:1   | Noticed an eight-headed hydra
 16737 | Lair:1   | Reached skill level 8 in Unarmed Combat
 16749 | Lair:1   | Slain by a komodo dragon
 16750 | Lair:1   | Reached XP level 9. HP: -1/45 MP: 12/13
 16808 | Lair:2   | Noticed a spiny frog
 16818 | Lair:1   | Killed a komodo dragon
 16895 | Lair:1   | Noticed a rime drake
 16905 | Lair:1   | Killed a rime drake
 16912 | Lair:1   | Reached XP level 10. HP: 43/49 MP: 14/14
 16922 | Lair:1   | Noticed a spiny frog
 16927 | Lair:1   | Killed a spiny frog
 16927 | Lair:1   | Reached skill level 9 in Unarmed Combat
 17356 | Lair:2   | Gained mutation: You are dopey. (Int -2) [Ru sacrifice]
 17356 | Lair:2   | Reached ***** piety under Ru
 17554 | Lair:2   | Noticed a four-headed hydra
 17560 | Lair:2   | Killed a four-headed hydra
 17560 | Lair:2   | Reached skill level 10 in Unarmed Combat
 17573 | Lair:2   | Noticed a spiny frog
 17589 | Lair:2   | Killed a spiny frog
 17757 | Lair:2   | Noticed a six-headed hydra
 17856 | Lair:2   | Noticed a spiny frog
 17862 | Lair:2   | Noticed a black mamba
 17864 | Lair:2   | Killed a spiny frog
 17869 | Lair:2   | Killed a black mamba
 17870 | Lair:2   | Gained mutation: You are somewhat resistant to further mutation. [potion of mutation]
 17870 | Lair:2   | Gained mutation: Your muscles are strong. (Str +2) [potion of mutation]
 17870 | Lair:2   | Gained mutation: You are partially covered in icy blue scales. (AC +2) [potion of mutation]
 18022 | Lair:2   | Killed a spiny frog
 18038 | Lair:2   | Noticed a spiny frog
 18060 | Lair:2   | Killed a spiny frog
 18060 | Lair:2   | Reached skill level 11 in Unarmed Combat
 18517 | Lair:1   | Killed an eight-headed hydra
 18517 | Lair:1   | Reached XP level 11. HP: 52/52 MP: 6/15
 18782 | Lair:2   | Reached skill level 1 in Stealth
 19128 | Lair:2   | Reached skill level 5 in Stealth
 19161 | Lair:3   | HP: 2/52 [wolf (4)]
 19462 | Lair:3   | Noticed a five-headed hydra
 19697 | Lair:2   | Killed a six-headed hydra
 20267 | Lair:3   | Noticed Nergalle
 20318 | Lair:3   | HP: 1/52 [five-headed hydra (8)]
 20318 | Lair:3   | Demolished by a five-headed hydra

Skill      XL: |  1  2  3  4  5  6  7  8  9 10 11 |
---------------+----------------------------------+-----
Unarmed Combat | 4 11 | 11.5
Transmutations | 3 5 8 9 10 | 10.8
Dodging        | 6 10 | 10.4
Fighting       | 8 7 |  8.7
Stealth        | 9 |  9.2
Spellcasting   | |  2.0

Action                   |  1- 3 |  4- 6 |  7- 9 | 10-12 || total
-------------------------+-------+-------+-------+-------++-------
Melee: Unarmed           |   124 |   293 |   599 |   221 ||  1237
       Bite              |    10 |    21 |    46 |    20 ||    97
       Headbutt          |     3 |    20 |       |       ||    23
       Punch             |     1 |     3 |     9 |     3 ||    16
 Cast: Beastly Appendage |     4 |    20 |       |       ||    24
       Spider Form       |     1 |    13 |     6 |       ||    20
       Sticks to Snakes  |       |    30 |    12 |    13 ||    55
       Blade Hands       |       |       |    50 |    22 ||    72
Invok: Sacrifice Words   |       |       |     1 |       ||     1
       Sacrifice Artific |       |       |     1 |       ||     1
       Power Leap        |       |       |     3 |     4 ||     7
       Draw Out Power    |       |       |     1 |     4 ||     5
       Sacrifice Purity  |       |       |     1 |     1 ||     2
       Apocalypse        |       |       |       |     3 ||     3
  Use: Potion            |     1 |     3 |     1 |     4 ||     9
       Scroll            |       |     7 |     7 |     3 ||    17
 Stab: Sleeping          |     6 |     2 |     8 |     4 ||    20
       Distracted        |       |       |     2 |       ||     2
       Invisible         |       |       |     1 |     2 ||     3
       Paralysed         |       |       |       |     1 ||     1
       Petrified         |       |       |       |     2 ||     2
       Petrifying        |       |       |       |     1 ||     1
  Eat: Chunk             |     8 |    11 |    41 |    19 ||    79
Armor: Skin              |     7 |    22 |    18 |     4 ||    51
Dodge: Dodged            |   117 |   244 |   470 |   198 ||  1029
